 Dungeon Crawl Stone Soup version 0.29-a0-334-gb41bcbb86e (webtiles) character file.

Game seed: 7881237823148966152

18470 Dauddaud the Basher (level 12, -3/169 HPs)
             Began as a Minotaur Berserker on Apr 14, 2022.
             Was a Priest of Trog.
             Slain by a skeletal warrior
             ... wielding a +0 mace
             ... led by a skeletal warrior
              (8 damage)
             ... on level 15 of the Dungeon.
             The game lasted 00:41:17 (11427 turns).

Dauddaud the Basher (Minotaur Berserker)           Turns: 11427, Time: 00:41:18

Health: -3/169     AC: 26    Str: 25    XL:     12   Next: 28%
Magic:  11/11      EV:  2    Int:  4    God:    Trog [***...]
Gold:   528        SH:  0    Dex: 12    Spells: 11/11 levels left

rFire   + . .      SeeInvis +   U - +4 great mace of Arrival {vorpal, rElec rF+}
rCold   . . .      Faith    +   (shield currently unavailable)
rNeg    . . .      Spirit   .   (body armour currently unavailable)
rPois   +          Reflect  .   (helmet currently unavailable)
rElec   +          Harm     .   (cloak currently unavailable)
rCorr   .          Rampage  .   (gloves currently unavailable)
Will    ++...      NoTele   +   (boots currently unavailable)
Stlth   ..........              R - amulet of faith
HPRegen 1.38/turn               H - ring of see invisible
MPRegen 0.12/turn               y - ring of poison resistance

@: lethally poisoned (-3 -> -16), tree-form, silenced, strong-willed (expiring),
on berserk cooldown, regenerating (expiring), slowed, very slow
A: stationary, stasis, torment immunity, boosted hp, (horns 2), (retaliatory
headbutt)
a: Renounce Religion


You were on level 15 of the Dungeon.
You worshipped Trog.
Trog was most pleased with you.
You were a tree.
You visited 1 branch of the dungeon, and saw 13 of its levels.

You collected 753 gold pieces.
You spent 225 gold pieces at shops.

Inventory:

Hand Weapons
 a - a +0 hand axe
 x - a +2 hand axe of freezing
 B - a +2 whip of freezing
 K - a +3 flail
 L - a +0 war axe of flaming
 N - a +0 battleaxe
 U - the +4 great mace of Arrival (weapon) {vorpal, rElec rF+}
   (You acquired it on level 10 of the Dungeon)

   It inflicts extra damage upon your enemies.
   rF:        It protects you from fire.
   rElec:     It insulates you from electricity.
Missiles
 l - a throwing net
 I - 32 poisoned darts (quivered)
Armour
 b - a +0 animal skin
 f - a +0 ring mail
 k - a +0 scale mail
 z - the +1 chain mail of Leapfrog {rF++}
   (You found it on level 4 of the Dungeon)

   rF:        It greatly protects you from fire.
 O - a +0 plate armour
 Q - a +0 pair of gloves (melded)
 X - a +3 plate armour of fire resistance (melded)
Jewellery
 n - an amulet of the acrobat
 o - a +6 ring of dexterity
 y - a ring of poison resistance (right branch)
 A - a ring of positive energy
 H - a ring of see invisible (left branch)
 R - an amulet of faith (around neck)
 V - a ring of magical power
Wands
 s - a wand of digging (14)
 u - a wand of polymorph (8)
 G - a wand of paralysis (9)
 J - a wand of charming (14)
 M - a wand of mindburst (44)
Scrolls
 c - 6 scrolls of teleportation
 e - 2 scrolls of torment
 g - 2 scrolls of magic mapping
 i - 3 scrolls of enchant weapon
 q - a scroll of silence
 v - 5 scrolls of blinking
 C - 3 scrolls of fear
 D - a scroll of brand weapon
 E - a scroll of vulnerability
 W - a scroll of fog {unknown}
Potions
 d - 2 potions of invisibility
 h - a potion of magic
 j - 8 potions of curing
 m - 3 potions of brilliance {unknown}
 p - 3 potions of berserk rage
 r - a potion of cancellation
 t - 3 potions of degeneration
 w - 3 potions of heal wounds
 F - 3 potions of lignification
 P - 2 potions of mutation
 S - 2 potions of attraction {unknown}
 T - a potion of resistance {unknown}


   Skills:
 + Level 12.6 Fighting
 + Level 11.8(14.3) Axes
 * Level 13.3(15.1) Maces & Flails
 + Level 0.2 Throwing
 + Level 12.2 Armour
 - Level 2.1 Dodging
 - Level 0.6 Stealth


You had 11 spell levels left.
You didn't know any spells.
Your spell library was empty.

Dungeon Overview and Level Annotations

Branches:
Dungeon (12/15)            Temple (0/1) D:4            Lair (0/6) D:10
    Orc (0/2) D:11

Altars:
Qazlal

Shops:
D:4 *

Annotations:
D:15 Azrael


Innate Abilities, Weirdness & Mutations

You are a tree.
Your roots penetrate the ground, keeping you stationary.
You cannot be teleported.
You are immune to unholy pain and torment.
Your maximum health is greatly increased.
Your equipment is partially melded.
((You have a pair of horns on your head.))
((You reflexively headbutt those who attack you in melee.))


Message History

* * * LOW HITPOINT WARNING * * *
You hear an angry buzzing noise.
As you read the scroll of silence, it crumbles to dust.
A profound silence engulfs you.
The meliai calls down the wrath of its god upon you.
Something smites you!
* * * LOW HITPOINT WARNING * * *
The skeletal warrior barely misses you. You furiously retaliate!
You headbutt the skeletal warrior, but do no damage.
The manticore flicks its tail.
The volley of spikes hits you but does no damage.
You feel much better.
The meliai calls down the wrath of its god upon you.
Something smites you!
* * * LOW HITPOINT WARNING * * *
A five-headed hydra comes into view.
The meliai hits you with a +2 vampiric hand axe.
* * * LOW HITPOINT WARNING * * *
The meliai stings you but does no damage.
The meliai mumbles some strange prayers to its god against you.
Something smites you!
* * * LOW HITPOINT WARNING * * *
Really quaff the potion of lignification?
Uppercase [Y]es or [N]o only, please.
Really quaff the potion of lignification?
You turn into a tree.
Your +0 pair of gloves melds into your body.
Your +3 plate armour of fire resistance melds into your body.
You feel less resistant to fire.
Your roots penetrate the ground.
You feel the effects of Trog's Hand fading.
A meliai comes into view. It is wielding a +0 war axe.
The meliai hits you with a +2 vampiric hand axe.
* * * LOW HITPOINT WARNING * * *
The meliai stings you but does no damage.
The meliai hits you but does no damage. The meliai stings you.
* * * LOW HITPOINT WARNING * * *
You are lethally poisoned!
The meliai poisons you!
The skeletal warrior hits you with a +0 mace!
You die...

##### .
#############..
...............
#####
...............
.....
...............
.....
.D..H.zz.......
#####
......z♣y......
........y......
...............
...............
###
.............y.
....
...............
....
#############..
#### .. #####


You could see a five-headed hydra, 3 skeletal warriors, a manticore and 3
meliai.

Vanquished Creatures
  A boulder beetle (D:11)
  A hydra (D:9)
  A two-headed ogre (D:11)
  Pikel (D:5)
  2 cyclopes
  A manticore (D:12)
  Joseph (D:9)
  Maggie (D:9)
  2 kobold demonologists
  3 trolls
  Prince Ribbit (D:5)
  A shadow (D:10)
  35 yaks
  A wyvern (D:9)
  3 wraiths
  Eustachio (D:6)
  Grum (D:8)
  2 fire elementals (D:15)
  6 vampire mosquitoes
  A steam dragon (D:9)
  4 wargs
  A hell hound (D:15)
  2 acid dragons
  6 orc warriors
  2 ice beasts (D:7)
  A sky beast (D:7)
  2 black bears
  4 wolves (D:8)
  An ogre (D:5)
  6 centaurs
  2 lemures (D:5)
  A phantom (D:7)
  7 kobold brigands
  A gnoll sergeant (D:9)
  3 bullfrogs
  2 scorpions
  14 wights
  4 howler monkeys
  3 jellies
  9 orc priests
  A gnoll shaman (D:8)
  6 hounds
  5 iguanas
  Terence (D:2)
  Natasha (thrice) (D:3)
  11 orc wizards
  2 adders
  9 gnolls
  A white imp (D:7)
  A howler monkey simulacrum (D:9)
  An ufetubus (D:6)
  4 worms
  A dart slug (D:4)
  38 orcs
  7 ball pythons
  6 bats
  4 endoplasms
  3 giant cockroaches
  11 goblins
  11 hobgoblins
  2 jackals (D:5)
  25 kobolds
  5 quokkas
  3 frilled lizards
  6 rats
308 creatures vanquished.

Vanquished Creatures (collateral kills)
  A hell hound (D:15)
1 creature vanquished.

Grand Total: 309 creatures vanquished

Notes
Turn   | Place    | Note
-------+----------+-------------------------------------------
     0 | D:1      | Dauddaud the Minotaur Berserker began the quest for the
                  | Orb.
     0 | D:1      | Reached XP level 1. HP: 19/19 MP: 0/0
    56 | D:1      | Reached XP level 2. HP: 15/26 MP: 1/1
   694 | D:1      | Reached skill level 5 in Axes
   761 | D:2      | Reached XP level 3. HP: 30/31 MP: 2/2
  1041 | D:2      | Found a faded altar of an unknown god.
  1175 | D:2      | Noticed Terence
  1180 | D:2      | Reached ** piety under Trog
  1185 | D:2      | Killed Terence
  1186 | D:2      | Reached XP level 4. HP: 39/39 MP: 3/3
  1465 | D:3      | Noticed a scorpion
  1471 | D:3      | Killed a scorpion
  1525 | D:3      | Reached XP level 5. HP: 44/45 MP: 4/4
  1577 | D:3      | Noticed Natasha
  1593 | D:3      | Killed Natasha
  1682 | D:3      | Noticed Natasha
  2009 | D:3      | Killed Natasha
  2315 | D:3      | Noticed Natasha
  2322 | D:3      | Killed Natasha
  2494 | D:4      | Found Luwut's General Store.
  2508 | D:4      | Bought 3 scrolls of blinking for 225 gold pieces
  2548 | D:4      | Reached XP level 6. HP: 51/51 MP: 5/5
  2666 | D:4      | Found a stormy altar of Qazlal.
  2666 | D:4      | Noticed a fire elemental
  2667 | D:4      | Noticed a water elemental
  2667 | D:4      | Noticed an air elemental
  2758 | D:4      | Found a staircase to the Ecumenical Temple.
  2901 | D:4      | Identified the +1 chain mail of Leapfrog {rF++}
  3164 | D:5      | Entered Level 5 of the Dungeon
  3167 | D:5      | Noticed Pikel
  3183 | D:5      | Killed Pikel
  3184 | D:5      | Reached XP level 7. HP: 54/57 MP: 6/6
  3308 | D:5      | Reached skill level 1 in Maces & Flails
  3337 | D:5      | Reached skill level 2 in Maces & Flails
  3337 | D:5      | Reached XP level 8. HP: 61/64 MP: 7/7
  3339 | D:5      | Reached skill level 3 in Maces & Flails
  3373 | D:5      | Noticed Prince Ribbit
  3379 | D:5      | Killed Prince Ribbit
  3380 | D:5      | Reached skill level 5 in Maces & Flails
  3674 | D:5      | Reached skill level 6 in Maces & Flails
  3879 | D:6      | Reached skill level 7 in Maces & Flails
  3939 | D:6      | Reached skill level 8 in Maces & Flails
  4129 | D:6      | Reached skill level 9 in Maces & Flails
  4129 | D:6      | Reached XP level 9. HP: 50/70 MP: 8/8
  4238 | D:6      | Noticed Eustachio
  4253 | D:6      | Killed Eustachio
  4525 | D:7      | Reached skill level 5 in Fighting
  4658 | D:7      | Reached *** piety under Trog
  4835 | D:7      | Reached skill level 5 in Armour
  5842 | D:8      | Reached XP level 10. HP: 86/86 MP: 9/9
  6451 | D:8      | Noticed Grum
  6476 | D:8      | Killed Grum
  7351 | D:9      | Reached **** piety under Trog
  7970 | D:9      | Noticed a six-headed hydra
  7977 | D:9      | Killed a six-headed hydra
  7978 | D:9      | Reached skill level 10 in Fighting
  8048 | D:9      | Noticed Joseph
  8058 | D:9      | Killed Joseph
  8199 | D:9      | Noticed Maggie
  8218 | D:9      | Killed Maggie
  8219 | D:9      | Reached skill level 10 in Armour
  8282 | D:9      | Reached XP level 11. HP: 71/101 MP: 10/10
  8595 | D:10     | Entered Level 10 of the Dungeon
  8930 | D:10     | Found a staircase to the Lair.
  9270 | D:10     | Identified a scroll of acquirement
  9292 | D:10     | Acquired the +4 great mace of Arrival {vorpal, rElec rF+}
  9643 | D:11     | Found a staircase to the Orcish Mines.
  9660 | D:11     | Reached skill level 10 in Maces & Flails
  9927 | D:11     | Noticed a two-headed ogre
  9936 | D:11     | Killed a two-headed ogre
  9937 | D:11     | Reached skill level 11 in Maces & Flails
 10275 | D:11     | Noticed a boulder beetle
 10291 | D:11     | Killed a boulder beetle
 10292 | D:11     | Reached skill level 12 in Maces & Flails
 10545 | D:11     | Reached XP level 12. HP: 113/113 MP: 11/11
 11165 | D:12     | Reached skill level 13 in Maces & Flails
 11344 | D:12     | You fall into a shaft and drop 3 floors!
 11344 | D:15     | Entered Level 15 of the Dungeon
 11406 | D:15     | Noticed Azrael
 11426 | D:15     | Noticed a five-headed hydra
 11427 | D:15     | HP: 6/169 [meliai/+2 vampiric hand axe (6)]
 11427 | D:15     | Slain by a skeletal warrior

Illustrated notes

Levels and vault maps discovered:
D:1:      eino_arrival_cavern_b, layout_rooms, minmay_split_cup_large
D:2:      layout_rooms, ebering_ecumenical_altar_hall, grunt_decor_mini_mirrors,
          uniq_terence
D:3:      corexii_shack_village, layout_basic, serial_corexii_hall,
          corexii_hall_statues_l, corexii_hall_statues_i,
          minmay_misc_feat_enclosed, uniq_natasha
D:4:      layout_rooms, nicolae_qazlal_style_of_elements,
          minmay_temple_entry_proselytizer, serial_shops,
          nicolae_shop_advertising_works [nicolae_subvault_shop_adworks]
D:5:      layout_basic, grunt_decor_fettered, uniq_pikel, uniq_prince_ribbit1
D:6:      layout_rooms, uniq_eustachio
D:7:      layout_cave_pods, serial_column_ruins, column_ruins_columns_straight,
          column_ruins_corridor_corner, column_ruins_grid_1,
          column_ruins_grid_1, column_ruins_open_tiny, minivault_23,
          st_stairs_12, minmay_quadrilaterals
D:8:      layout_loops_corners, ebering_dispersal_statue_hall,
          roderic_serpentine_path, minmay_misc_feat_diagonals, uniq_grum
D:9:      layout_roguey, hangedman_decor_riveting, st_stairs_3, uniq_maggie,
          uniq_joseph
D:10:     layout_roguey, erik_lair_orcish_takeover
D:11:     layout_roguey, david_orc_3, chequers_serial_rivers_micro_d,
          nicolae_sextant, minmay_misc_feat_rugged
D:12:     dreamdust_labyrinth, layout_long_grid,
          portal_ice_cave_entry_pillars_1, uniq_lodul
D:15:     gammafunk_enter_depths_forms, layout_long_grid,
          hangedman_abyss_or_decor_passed, minmay_misc_feat_encased,
          uniq_josephine, uniq_azrael

Skill      XL: |  1  2  3  4  5  6  7  8  9 10 11 12 |
---------------+-------------------------------------+-----
Axes           | 4 5 6 8 11 | 11.8
Maces & Flails | 2 9 12 13 | 13.3
Fighting       | 7 10 12 | 12.6
Armour         | 6 10 11 12 | 12.2
Throwing       | |  0.2
Dodging        | |  2.1
Stealth        | |  0.6

Action                   |  1- 3 |  4- 6 |  7- 9 | 10-12 || total
-------------------------+-------+-------+-------+-------++-------
Melee: Hand axe          |    79 |   122 |     4 |       ||   205
       Headbutt          |    11 |    18 |    57 |    81 ||   167
       Punch             |       |     2 |     7 |     6 ||    15
       Whip              |       |       |   199 |   333 ||   532
       Great mace        |       |       |       |   145 ||   145
Throw: Dart              |       |       |       |     3 ||     3
Invok: Berserk           |     2 |     5 |     6 |    21 ||    34
       Trog's Hand       |       |     1 |     2 |    12 ||    15
       Brothers in Arms  |       |       |       |     2 ||     2
  Use: Scroll            |       |     8 |       |    17 ||    25
       Potion            |       |       |       |     3 ||     3
 Stab: Distracted        |       |       |       |     1 ||     1
Armor: Animal skin       |     3 |       |       |       ||     3
       Ring mail         |     9 |       |       |       ||     9
       Scale mail        |    11 |    21 |       |       ||    32
       Chain mail        |       |    10 |    52 |       ||    62
       Plate armour      |       |       |     5 |   205 ||   210
       Skin              |       |       |       |     2 ||     2
Dodge: Dodged            |    32 |    72 |    79 |   160 ||   343

Table legend: (Time is in decaauts)
 A = Elapsed time spent in this place.
 B = Non-inter-level travel time spent in this place.
 C = Inter-level travel time spent in this place.
 D = Time resting spent in this place.
 E = Time spent auto-exploring this place.
 F = Levels seen in this place.
 G = Mean time per level.
                   A        B        C        D        E       F      G
               +--------+--------+--------+--------+--------+-----+--------+
         Total |  11507 |  11192 |    315 |   2956 |   6566 |  13 |  885.2 |
       Dungeon |  11507 |  11192 |    315 |   2956 |   6566 |  13 |  885.2 |
               +--------+--------+--------+--------+--------+-----+--------+

Top non-repeatable levels by time:
    D:11: 1715 daAuts
     D:8: 1528 daAuts
     D:9: 1292 daAuts
     D:7: 1210 daAuts
     D:3: 1081 daAuts
    D:10: 814 daAuts
     D:1: 759 daAuts
     D:2: 704 daAuts
     D:5: 686 daAuts
     D:4: 678 daAuts
     D:6: 650 daAuts
    D:12: 301 daAuts
    D:15: 82 daAuts
